 Dungeon Crawl Stone Soup version 0.31.0-11-ge490571c62 (webtiles) character file.

Game seed: 15038041985116749830

4650 hikkokomori the Trooper (level 10, -1/79 HPs)
             Began as a Formicid Wanderer on Feb 2, 2024.
             Was a Believer of Qazlal.
             Incinerated by a deep elf pyromancer (9 damage)
             ... with a pyre arrow
             ... on level 9 of the Dungeon.
             The game lasted 00:24:27 (8165 turns).

hikkokomori the Trooper (Formicid Wanderer)         Turns: 8165, Time: 00:24:28

Health: -1/79      AC: 10    Str: 19    XL:     10   Next: 71%
Magic:  20/20      EV: 15    Int: 14    God:    Qazlal [**....]
Gold:   492        SH:  8    Dex: 15    Spells: 22/23 levels left

rFire   . . .        H - +0 glaive (venom)
rCold   + . .        F - +0 buckler
rNeg    . . .        m - +2 ring mail {rC+}
rPois   +            (helmet unavailable)
rElec   +            (no cloak)
rCorr   .            C - +0 pair of gloves
SInv    +            d - +0 pair of boots
Will    +....        x - amulet of regeneration
Stlth   +            r - ring "Awupua" {*Corrode +Blink rElec rPois EV+5}
HPRegen 1.13/turn    (no ring)
MPRegen 0.17/turn

%: corrode self (3%)
@: on fire, glowing
A: permanent stasis, dig shafts and tunnels, antennae 3, four strong arms,
hooves 1, agile 1
a: Dig, Shaft Self, Renounce Religion, Upheaval


You were on level 9 of the Dungeon.
You worshipped Qazlal.
Qazlal was pleased with you.
You visited 2 branches of the dungeon, and saw 10 of its levels.
You also visited: Sewer.

You collected 492 gold pieces.

Inventory:

Hand Weapons
 a - a +3 falchion
 e - a +2 short sword of protection
 s - a +1 antimagic shortbow
 A - a +2 quarterstaff of speed
 H - a +0 glaive of venom (weapon)
 I - a +1 quarterstaff of draining
Missiles
 k - a curare-tipped dart
 o - 26 poisoned darts
 q - 5 javelins
Armour
 d - a +0 pair of boots (worn)
 m - a +2 ring mail of cold resistance (worn)
 C - a +0 pair of gloves (worn)
 F - a +0 buckler (worn)
Jewellery
 r - the ring "Awupua" (left hand) {*Corrode +Blink rElec rPois EV+5}
   (You acquired it on level 4 of the Dungeon)

   [ring of evasion]

   EV+5:      It affects your evasion (+5).
   rElec:     It insulates you from electricity.
   rPois:     It protects you from poison +Blink: It lets you blink.
   *Corrode:  It may corrode you when you take damage.
 v - an amulet of reflection
 x - an amulet of regeneration (around neck)
Wands
 w - a wand of flame (13)
 y - a wand of roots (17)
Scrolls
 c - a scroll of poison {unknown}
 g - 13 scrolls of teleportation
 j - 4 scrolls of fog
 p - 3 scrolls of enchant weapon
 t - a scroll of brand weapon {unknown}
 z - 2 scrolls of butterflies {unknown}
 B - a scroll of silence {unknown}
 D - 2 scrolls of blinking {unknown}
 E - a scroll of fear
 G - a scroll of amnesia {unknown}
Potions
 b - 3 potions of attraction
 f - 5 potions of curing
 h - 2 potions of haste
 i - a potion of cancellation
 l - 2 potions of lignification
 n - 3 potions of might
 u - a potion of degeneration {unknown}


   Skills:
 + Level 7.4 Fighting
 - Level 5.1 Long Blades
 + Level 2.0 Polearms
 - Level 2.8 Throwing
 - Level 5.6 Armour
 - Level 1.0 Dodging
 - Level 2.0 Stealth
 + Level 4.9 Shields
 + Level 7.1 Spellcasting
 - Level 3.3 Conjurations
 + Level 5.7 Invocations
 + Level 5.9 Evocations


You had 22 spell levels left.
You knew the following spells:

 Your Spells              Type           Power      Damage    Failure   Level
a - Magic Dart            Conj           56%        1d5       8%          1

Your spell library contained the following spells:

 Spells                   Type           Power      Damage    Failure   Level
 Hailstorm                Conj/Ice       9%         3d6       41%         3
 Tukima's Dance           Hex            5%         N/A       65%         3
 Iskenderun's Mystic Bla  Conj/Tloc      9%         2d4       82%         4
 Dimensional Bullseye     Hex/Tloc       2%         N/A       96%         4
 Arcjolt                  Conj/Air       4%         1d14      99%         5
 Maxwell's Capacitive Co  Air            2%         ∞         100%        8
 Vhi's Electric Charge    Tloc/Air       Unusable   N/A       N/A         4

Dungeon Overview and Level Annotations

Branches:
Dungeon (9/15)             Temple (1/1) D:6            Lair (0/5) D:8
  Sewer (visited)
    Orc: D:9-12

Altars:
Ashenzari
Cheibriados
Dithmenos
Elyvilon
Fedhas
Gozag
Hepliaklqana
Kikubaaqudgha
Makhleb
Nemelex Xobeh
Okawaru
Qazlal
Ru
Sif Muna
Trog
Uskayaw
Vehumet
Wu Jian
Xom
Yredelemnul
Zin
The Shining One


Innate Abilities, Weirdness & Mutations

You cannot be hasted, slowed, berserked, paralysed or teleported.
You can dig through walls and to a lower floor.
You have a pair of large antennae on your head. (SInv)
Your four strong arms can wield two-handed weapons with a shield.
You have large cloven feet.
You are agile. (Dex +4, Str/Int -1)


Message History

The arrow closely misses you.
You block the deep elf pyromancer's attack.
You closely miss the deep elf pyromancer.
The deep elf pyromancer is severely wounded.
The centaur shoots an arrow.
The arrow misses you.
The centaur shoots an arrow.
The arrow closely misses you.
The deep elf pyromancer points at you and mumbles some strange words.
The pyre arrow hits you.
You are covered in intense liquid fire!
The centaur shoots an arrow.
The arrow hits you.
Unknown command.
You shake off some of the fire as you move.
The liquid fire burns you!
The centaur unwields a +0 orcbow.
The centaur closely misses you. The centaur barely misses you.
The deep elf pyromancer hits you but does no damage.
Unknown command.
Unknown command.
You slash the deep elf pyromancer!
You kill the deep elf pyromancer!
Qazlal accepts your kill. The liquid fire burns you!
* * * LOW HITPOINT WARNING * * *
You block the centaur's attack. x2
The centaur hits you but does no damage.
The centaur kicks you but does no damage.
The centaur misses you.
The centaur kicks you but does no damage.
Your Polearms skill increases to level 2!
Unknown command.
You hit the centaur but do no damage.
The centaur is poisoned.
The liquid fire burns you!
* * * LOW HITPOINT WARNING * * *
The centaur closely misses you.
The centaur kicks you but does no damage.
The centaur hits you but does no damage.
The centaur kicks you but does no damage.
You feel better. The liquid fire burns you!
You die...

#.####.###.<###
#.# ##.#.#.#
#.# ##.##.# #.#
####.# #.# #.#
#.## #.# #..#
#.#
##.########.#
#@)......
#.c###### {
#..# ...# #.##
#.# #.# #.#


You could see a centaur (very poisoned).

Vanquished Creatures
  A deep elf pyromancer (D:9)
  Joseph (D:8)
  A rime drake (D:8)
  Maggie (D:7)
  Grinder (D:6)
  Grum (D:8)
  An acid dragon (D:8)
  8 ice beasts
  A sky beast (D:8)
  2 black bears
  An ogre (D:5)
  5 wolves (D:8)
  2 centaurs
  A phantom (D:5)
  3 kobold brigands (Sewer)
  2 bullfrogs
  A scorpion (D:6)
  A howler monkey (D:8)
  A vampire bat (D:9)
  2 orc priests
  3 bombardier beetles
  2 hounds
  A jelly (D:8)
  A gnoll bouda (D:7)
  3 iguanas
  An orc wizard (D:7)
  7 gnolls
  7 adders
  A river rat (Sewer)
  A shadow imp (D:6)
  6 white imps
  5 ribbon worms
  A dart slug (D:2)
  27 orcs
  13 bats
  11 endoplasms
  3 giant cockroaches
  6 goblins
  A hobgoblin (D:1)
  2 jackals (D:4)
  2 quokkas
  10 ball pythons
  6 frilled lizards
  13 kobolds
  8 rats
178 creatures vanquished.

Vanquished Creatures (others)
  A bombardier beetle (D:4)
1 creature vanquished.

Grand Total: 179 creatures vanquished

Notes
Turn   | Place    | Note
-------+----------+-------------------------------------------
     0 | D:1      | hikkokomori the Formicid Wanderer began the quest for the
                  | Orb.
     0 | D:1      | hikkokomori set off with the following items: a +3
                  | falchion, a potion of attraction, a +0 leather armour; and
                  | the following spell memorised: Magic Dart; and the
                  | following spells available to memorise: Hailstorm.
     0 | D:1      | Reached XP level 1. HP: 15/15 MP: 3/3
   318 | D:1      | Reached XP level 2. HP: 21/21 MP: 5/5
   638 | D:1      | Reached skill level 1 in Stealth
   828 | D:2      | Reached XP level 3. HP: 24/26 MP: 6/6
  1327 | D:2      | Reached XP level 4. HP: 33/33 MP: 8/8
  1793 | D:2      | Gained mutation: You occasionally lose the ability to drink
                  | potions when taking damage. [potion of mutation]
  1794 | D:2      | Lost mutation: You occasionally lose the ability to drink
                  | potions when taking damage. [potion of mutation]
  1794 | D:2      | Gained mutation: You have large cloven feet. [potion of
                  | mutation]
  1794 | D:2      | Gained mutation: You are agile. (Dex +4, Str/Int -1)
                  | [potion of mutation]
  1946 | D:2      | Reached skill level 1 in Armour
  1981 | D:3      | Reached XP level 5. HP: 39/39 MP: 9/9
  2090 | D:3      | Found a glowing drain.
  2102 | Sewer    | Entered a sewer
  2252 | Sewer    | Noticed a kobold brigand
  2260 | Sewer    | Noticed a kobold brigand
  2264 | Sewer    | Killed a kobold brigand
  2265 | Sewer    | Reached XP level 6. HP: 34/47 MP: 9/11
  3117 | D:3      | Reached XP level 7. HP: 28/52 MP: 11/13
  3238 | D:3      | Reached skill level 1 in Throwing
  3292 | D:3      | Found an ancient bone altar of Kikubaaqudgha.
  4075 | D:4      | Identified a scroll of acquirement
  4075 | D:4      | Acquired the ring "Awupua" {*Corrode +Blink rElec rPois
                  | EV+5}
  4165 | D:5      | Entered Level 5 of the Dungeon
  4193 | D:5      | Reached XP level 8. HP: 54/60 MP: 14/14
  4285 | D:5      | Reached skill level 1 in Evocations
  4657 | D:5      | Reached skill level 5 in Spellcasting
  4946 | D:6      | Found a staircase to the Ecumenical Temple.
  4968 | Temple   | Entered the Ecumenical Temple
  5002 | Temple   | Became a worshipper of Qazlal Stormbringer
  5195 | D:6      | Reached skill level 5 in Fighting
  5195 | D:6      | Reached skill level 1 in Invocations
  5431 | D:6      | Noticed Grinder
  5461 | D:6      | Killed Grinder
  5462 | D:6      | Reached skill level 5 in Armour
  5462 | D:6      | Reached XP level 9. HP: 51/68 MP: 15/17
  5867 | D:7      | Found a hazy altar of Hepliaklqana.
  5868 | D:7      | Found an opulent altar of Gozag.
  6047 | D:7      | Noticed Maggie
  6070 | D:7      | Killed Maggie
  6265 | D:7      | Reached * piety under Qazlal
  7024 | D:8      | Noticed Joseph
  7037 | D:8      | Reached skill level 1 in Shields
  7051 | D:8      | Killed Joseph
  7052 | D:8      | Reached XP level 10. HP: 62/77 MP: 19/19
  7060 | D:8      | Noticed Grum
  7067 | D:8      | Killed Grum
  7068 | D:8      | Reached skill level 5 in Evocations
  7086 | D:8      | Reached skill level 5 in Invocations
  7120 | D:8      | Noticed a rime drake
  7140 | D:8      | Killed a rime drake
  7141 | D:8      | Reached skill level 1 in Polearms
  7168 | D:8      | Found a staircase to the Lair.
  8046 | D:9      | Reached ** piety under Qazlal
  8157 | D:9      | Noticed a deep elf pyromancer
  8163 | D:9      | Killed a deep elf pyromancer
  8164 | D:9      | HP: 1/79 [burnt (17)]
  8165 | D:9      | Incinerated by a deep elf pyromancer

Illustrated notes

Levels and vault maps discovered:
D:1:      psy_arrival_wood_between_worlds, layout_basic,
          hangedman_abyss_or_decor_lesser_grid, minmay_split_cup_large
D:2:      layout_loops_corners, nicolae_titane
D:3:      layout_loops_ring, kiku_gazebo_pond_becter,
          cheibrodos_sewer_entry_bend
D:4:      layout_cave_pools, kennysheep_generic_room_15
D:5:      layout_cave_pools
D:6:      layout_loops_ring, minmay_temple_entry_large_hall, uniq_grinder
D:7:      layout_loops_corners, mainiacjoe_overflow_divided_tiny, uniq_maggie
D:8:      layout_gridville, hellmonk_lair_entry_icy, uniq_joseph, uniq_grum
D:9:      old_forge, layout_loops_ring, roderic_batcave,
          amcnicky_mini_pool_small, uniq_jeremiah
Temple:   nicolae_temple_bog_church

Skill      XL: |  1  2  3  4  5  6  7  8  9 10 |
---------------+-------------------------------+-----
Stealth        | 1 2 |  2.0
Fighting       | 2 3 4 5 6 7 |  7.4
Spellcasting   | 3 4 5 6 7 |  7.1
Armour         | 1 2 3 5 |  5.6
Conjurations   | 2 3 |  3.3
Throwing       | 1 2 |  2.8
Evocations     | 3 4 5 |  5.9
Invocations    | 2 4 5 |  5.7
Shields        | 2 4 |  4.9
Polearms       | 2 |  2.0
Long Blades    | |  5.1
Dodging        | |  1.0

Action                     |  1- 3 |  4- 6 |  7- 9 | 10-12 || total
---------------------------+-------+-------+-------+-------++-------
  Melee: Falchion          |    67 |   129 |       |       ||   196
         Kick              |       |    33 |   207 |    25 ||   265
         Punch             |       |     3 |    11 |       ||    14
         Short sword       |       |    23 |   582 |    30 ||   635
         Glaive            |       |       |       |    85 ||    85
  Throw: Dart              |       |       |       |     1 ||     1
   Cast: Magic Dart        |       |    10 |       |       ||    10
Ability: Dig               |       |     1 |       |       ||     1
  Evoke: Wand              |       |       |     9 |     4 ||    13
    Use: Scroll            |     5 |     4 |     6 |       ||    15
         Potion            |       |     8 |     1 |     1 ||    10
   Stab: Sleeping          |     2 |       |     1 |       ||     3
 Armour: Leather armour    |    31 |       |       |       ||    31
         Ring mail         |     1 |    87 |   235 |    75 ||   398
  Dodge: Dodged            |    29 |    67 |   303 |   123 ||   522
  Block: Other             |       |       |    87 |       ||    87
         Reflection        |       |       |     2 |       ||     2
         Buckler           |       |       |     5 |    57 ||    62
